 Dungeon Crawl Stone Soup version 0.19-a0-376-gf780d9b (webtiles) character file.

377276 dracos369 the Tortoise (level 24, -24/166 HPs)
             Began as a Halfling Fighter on May 30, 2016.
             Was a High Priest of Hepliaklqana.
             Thrown by an iron giant (61 damage)
             ... on level 3 of the Depths on May 31, 2016.
             The game lasted 07:52:30 (62598 turns).

dracos369 the Tortoise (Halfling Fighter)          Turns: 62598, Time: 07:52:31

Health: -24/166    AC: 31    Str: 23    XL:     24   Next: 22%
Magic:  33/33      EV: 27    Int:  7    God:    Hepliaklqana [*****.]
Gold:   1209       SH: 12    Dex: 21    Spells: 5 memorised, 24 levels left

rFire  + + .     SeeInvis +     a - +9 demon blade (freeze)
rCold  x . .     Gourm    .     J - +2 fire dragon armour
rNeg   . . .     Faith    .     q - +1 buckler {reflect}
rPois  .         Spirit   .     M - +2 helmet {SInv}
rElec  .         Dismiss  .     C - +2 cloak {+Inv}
rCorr  .         Reflect  +     s - +2 pair of gloves {Str+3}
SustAt .         Harm     .     Z - +2 pair of boots
MR     +....                    V - +3 amulet of reflection
Stlth  +++++.....               U - +2 ring of slaying
                                H - +3 ring of evasion

@: about to teleport, somewhat resistant to hostile enchantments, quite stealthy
A: mutation resistance 1
a: Recall Ancestor, Ancestor Identity, Transference, Idealise, Renounce
Religion, Evoke Invisibility
}: 1/15 runes: barnacled


You were on level 3 of the Depths.
You worshipped Hepliaklqana.
Hepliaklqana was extremely pleased with you.
You were not hungry.

You visited 9 branches of the dungeon, and saw 42 of its levels.
You also visited: Sewer.

You collected 5613 gold pieces.
You spent 4404 gold pieces at shops.

Inventory:

Hand Weapons
 a - a +9 demon blade of freezing (weapon)
 b - a +0 greatsling of flaming
 m - a +6 blowgun
 w - a +2 dagger of speed
Missiles
 t - 4 curare-tipped needles
 A - 342 sling bullets
 Q - 5 throwing nets (quivered)
Armour
 q - a +1 buckler of reflection (worn)
 s - a +2 pair of gloves of strength (worn)
 C - a +2 cloak of invisibility (worn)
 J - a +2 fire dragon armour (worn)
 M - a +2 helmet of see invisible (worn)
 Z - a +2 pair of boots (worn)
Jewellery
 B - an uncursed ring of poison resistance
 H - a +3 ring of evasion (left hand)
 S - an uncursed ring of ice
 U - a +2 ring of slaying (right hand)
 V - a +3 amulet of reflection (around neck)
Wands
 d - a wand of disintegration (5/24)
 e - a wand of heal wounds (0/9)
 j - a wand of iceblast (9/15)
 x - a wand of paralysis (10/24)
 D - a wand of digging (9/24)
 K - a wand of enslavement (19/24)
 L - a wand of acid (6/15)
Scrolls
 c - a scroll of fear
 l - 5 scrolls of identify
 n - 9 scrolls of fog
 p - 7 scrolls of magic mapping
 r - a scroll of blinking
 y - 2 scrolls of teleportation
 z - 13 scrolls of remove curse
 O - 5 scrolls of vulnerability
 P - a scroll of torment
 Y - 2 scrolls of recharging
Potions
 g - 7 potions of brilliance
 h - 3 potions of flight
 i - a potion of cure mutation
 k - 3 potions of might
 o - 6 potions of curing
 u - 4 potions of agility
 E - 2 potions of haste
 F - 2 potions of resistance
 R - 2 potions of ambrosia
 T - a potion of berserk rage
 W - 8 potions of magic
Miscellaneous
 I - a lamp of fire (inert)
Comestibles
 f - 26 bread rations
 v - 11 fruits
 G - 6 chunks of flesh
 N - a slice of pizza


   Skills:
 + Level 14.1 Fighting
 - Level 8.6(14.1) Short Blades
 - Level 13.9(14.4) Long Blades
 - Level 12.2(14.5) Slings
 - Level 10.6(12.0) Throwing
 * Level 18.0 Armour
 + Level 13.8 Dodging
 + Level 13.5 Stealth
 - Level 6.8 Shields
 + Level 6.9 Spellcasting
 + Level 11.8 Charms
 + Level 13.1 Translocations
 - Level 10.0 Invocations
 - Level 10.0 Evocations


You had 24 spell levels left.
You knew the following spells:

 Your Spells              Type           Power        Failure   Level  Hunger
a - Apportation           Tloc           ###.......   1%          1    #......
b - Blink                 Tloc           N/A          1%          2    ##.....
c - Passage of Golubria   Tloc           N/A          2%          4    #####..
g - Shroud of Golubria    Chrm/Tloc      ###.......   1%          2    ##.....
p - Portal Projectile     Tloc           ###...       1%          3    ###....


Dungeon Overview and Level Annotations

Branches:
Dungeon (15/15)            Temple (1/1) D:7            Lair (8/8) D:11
 Shoals (4/4) Lair:4        Snake (4/4) Lair:6        Slime (0/6) Lair:7
    Orc (2/2) D:9             Elf (2/3) Orc:2        Vaults (3/5) D:14
 Depths (3/5) D:15
  Crypt: Vaults:2-3

Altars:
Ashenzari
Dithmenos
Elyvilon
Fedhas
Gozag
Hepliaklqana
Kikubaaqudgha
Makhleb
Nemelex Xobeh
Okawaru
Pakellas
Qazlal
Ru
Sif Muna
Trog
Ukayaw
Vehumet
Xom
Yredelemnul
Zin
The Shining One
Jiyva

Shops:
D:5 *   D:11 (   D:12 (   Orc:2 [}*[!   Elf:1 (   Elf:2 }   Snake:1 ?%:

Portals:
Hell: Depths:1 Depths:2 Depths:3
Pandemonium: Depths:3


Innate Abilities, Weirdness & Mutations

You are small and have problems with some larger weapons.
You are somewhat resistant to further mutation.


Message History

The fire giant hits you with a great sword of flaming!
* * * LOW HITPOINT WARNING * * *
Evoke which item? (* to show all) (? for menu, Esc to quit)
Zapping:
e - a wand of heal wounds (1/9)
Press: ? - help, Shift-Dir - straight line, f - you, p - iron giant You feel much better.
This wand has 0 charges left.
The merfolk javelineer throws a javelin.
The javelin hits you!
The fire giant hits you but does no damage.
As you read the scroll of teleportation, it crumbles to dust.
You feel strangely unstable.
The merfolk javelineer throws a javelin.
The javelin hits you.
Unknown command.
You slice the fire giant!! You freeze the fire giant.
The fire giant is almost dead.
The fire giant hits you with a great sword of flaming!
* * * LOW HITPOINT WARNING * * *
The iron giant throws you!
You die...

##...#'...##
##..≈..#####..≈≈≈≈≈≈
#..≈≈≈..# #..≈≈≈≈≈≈≈
#.≈≈.≈≈.# #.≈≈≈≈|\$≈
#..≈≈≈..# #.≈≈≈|.)..
##..≈..## #.≈≈≈$)8..
##...## #.≈≈≈m....
##'## #.≈≈≈≈$$$≈
##...## ##.@≈≈≈≈≈≈≈
##..≈..###C(..≈≈≈≈≈≈
#..≈≈≈..#(C....≈≈≈≈≈
#.≈≈8≈≈)(.).........
####################


You could see an iron giant, a fire giant and a merfolk javelineer.

Vanquished Creatures
  Mara (Shoals:4)
  A juggernaut (Depths:3)
  Vashnia (Snake:3)
  Saint Roka (Vaults:2)
  A caustic shrike (Depths:2)
  A golden dragon (Depths:3)
  the Enchantress (Depths:1)
  The ghost of tstbtto the Severer, an adept HOCK of Trog (Shoals:4)
  Rupert (D:13)
  2 liches
  A quicksilver dragon (Depths:3)
  A titan (Depths:2)
  Kirke (Snake:2)
  2 sphinxes
  A tengu reaver (Depths:1)
  Roxanne (Snake:4)
  A storm dragon (D:12)
  5 greater nagas
  Ilsuiw (Shoals:4)
  6 fire giants
  Donald (Shoals:2)
  3 frost giants
  An azure jelly (Lair:7)
  10 vault wardens
  Aizul (Snake:3)
  A deep elf elementalist (Depths:2)
  A war gargoyle (Vaults:2)
  3 very ugly things (Depths:3)
  A juggernaut skeleton (Depths:2)
  8 ironheart preservers
  3 spriggan defenders (Depths:1)
  2 deep elf demonologists
  10 stone giants
  2 deep elf annihilators
  8 merfolk javelineers
  5 ettins
  A deep elf death mage (Elf:2)
  2 vault guards
  11 merfolk impalers
  7 hydras
  An entropy weaver (Depths:2)
  4 fire dragons
  A spriggan air mage (Depths:1)
  3 great orbs of eyes
  6 ice dragons
  A hell beast (Depths:3)
  6 yaktaur captains
  2 merfolk avatars
  6 anacondas
  9 naga warriors
  2 rakshasas
  Erolcha (D:12)
  2 alligator snapping turtles
  2 catoblepae (Lair:7)
  6 merfolk aquamancers
  2 death knights (Vaults:2)
  A vampire mage (Depths:2)
  11 centaur warriors
  4 satyrs
  16 dancing weapons
  13 death yaks
  4 deep troll shamans
  5 deep troll earth magi
  11 ogre magi
  2 spriggan berserkers
  A tengu warrior (Depths:2)
  18 naga sharpshooters
  8 shock serpents
  19 deep elf knights
  A sun demon (Depths:3)
  6 hell knights (Depths:3)
  Sonja (Lair:4)
  A golden dragon zombie (Depths:2)
  4 salamander mystics
  A shadow wraith (Vaults:1)
  10 skeletal warriors
  14 sea snakes
  3 wizards
  13 deep trolls
  7 hill giants
  A flayed ghost (D:12)
  9 naga ritualists
  A lindwurm (Lair:7)
  14 deep elf archers
  15 ironbrand convokers
  33 harpies
  3 necromancers
  A shadow dragon zombie (Depths:2)
  5 wolf spiders
  13 orc knights
  22 ugly things
  9 fauns
  A fire giant zombie (Depths:2)
  2 hornets
  6 orc sorcerers
  10 cyclopes
  52 deep elf magi
  9 griffons
  18 elephants
  16 salamanders
  11 manticores
  13 mana vipers
  An octopode (shapeshifter) (Vaults:3)
  10 sirens
  5 water nymphs
  A rust devil (Depths:3)
  39 black mambas
  3 guardian serpents
  6 vault sentinels
  24 naga magi
  10 spiny frogs
  A torpor snail (Lair:5)
  2 gargoyles
  A kobold demonologist (Vaults:1)
  30 yaktaurs
  3 rime drakes (Lair:8)
  5 komodo dragons
  4 freezing wraiths
  3 tengu conjurers (Depths:1)
  A jumping spider (D:9)
  A merfolk (shapeshifter) (Depths:3)
  28 merfolk
  A polar bear (Lair:6)
  7 wind drakes
  7 trolls
  A queen bee (shapeshifter) (Depths:2)
  15 two-headed ogres
  9 blink frogs
  9 snapping turtles
  7 boulder beetles
  A jumping spider (shapeshifter) (Vaults:1)
  A sphinx simulacrum (Vaults:2)
  33 slime creatures
  An air elemental (Elf:2)
  9 spriggans
  A wyvern (Lair:4)
  3 shadows
  4 wraiths
  36 yaks
  2 basilisks
  A redback (Vaults:2)
  A vampire (D:11)
  24 water elementals
  A golden eye (shapeshifter) (Vaults:1)
  14 hippogriffs
  2 fire elementals
  A human (Snake:2)
  2 hogs (Snake:2)
  6 vampire mosquitoes
  3 hungry ghosts
  A swamp worm (shapeshifter) (Elf:2)
  Menkaure (D:7)
  A mottled dragon (Lair:8)
  44 nagas
  A soldier ant (D:8)
  6 wargs
  18 water moccasins
  18 porcupines
  Duvessa (D:7)
  2 black bears
  Purgy (Sewer)
  2 swamp drakes (Lair:8)
  5 wasps
  2 sky beasts
  47 orc warriors
  2 phantoms (D:6)
  An ice beast (D:8)
  3 necrophages
  14 boggarts
  56 ogres
  19 wolves
  An ettin simulacrum (Vaults:1)
  20 crocodiles
  22 centaurs
  16 giant frogs
  An earth elemental (Elf:1)
  Dowan (D:7)
  A wyvern skeleton (D:8)
  4 scorpions
  A hexer (Lair:7)
  6 killer bees
  10 wights
  7 electric eels
  5 crimson imps
  5 howler monkeys
  2 giant frog zombies
  3 jellies
  3 quasits
  A giant frog skeleton (D:11)
  23 orc wizards
  5 centaur skeletons
  5 hounds
  21 orc priests
  19 iguanas
  5 hell rats (Lair:8)
  8 worker ants
  14 sheep
  A hound zombie (D:9)
  A worker ant zombie (D:9)
  4 gnolls (D:5)
  4 adders
  52 river rats
  6 shadow imps
  An ooze (D:4)
  A worm (D:4)
  3 giant geckos
  89 orcs
  11 bats
  4 giant cockroaches
  10 goblins
  10 hobgoblins
  10 jackals
  18 kobolds
  6 quokkas
  5 giant newts
  16 rats
  4 fungi
1694 creatures vanquished.

Vanquished Creatures (collateral kills)
  A greater naga (Snake:2)
  The ghost of tstbtto the Executioner, a journeyman HOCK of Trog (D:14)
  A frost giant (Depths:1)
  A juggernaut skeleton (Depths:2)
  A merfolk javelineer (Shoals:3)
  A vault guard (Vaults:3)
  A merfolk impaler (Shoals:4)
  Josephine (Lair:4)
  Snorg (Lair:7)
  3 fire dragons
  A hydra (D:13)
  An ice dragon (Depths:2)
  2 dancing weapons
  2 ogre magi
  A merfolk aquamancer (Shoals:4)
  A tengu warrior (Depths:3)
  A naga sharpshooter (Snake:2)
  A deep troll (Depths:1)
  2 skeletal warriors
  4 harpies
  An ironbrand convoker (Vaults:2)
  3 orc knights
  2 deep elf archers (Elf:2)
  A mana viper (Snake:2)
  A deep elf mage (Elf:2)
  2 fauns
  4 ugly things
  2 griffons
  2 sirens
  A vault sentinel (Vaults:3)
  An elephant (Lair:6)
  3 black mambas
  A water nymph (Shoals:3)
  A naga mage (Depths:1)
  2 spiny frogs
  A tengu conjurer (Depths:2)
  A yaktaur (Vaults:3)
  3 merfolk
  3 two-headed ogres
  3 snapping turtles
  2 slime creatures (Vaults:1)
  A centaur simulacrum (D:15)
  A spriggan (Lair:1)
  A wraith (Vaults:1)
  4 water elementals
  A fire elemental (Elf:2)
  3 yaks
  2 hippogriffs
  A human (shapeshifter) (Depths:2)
  2 hungry ghosts (D:15)
  A steam dragon (Lair:8)
  A vampire mosquito (Vaults:3)
  2 nagas (Snake:2)
  A porcupine (Lair:7)
  A water moccasin (D:6)
  10 orc warriors
  A swamp drake (Lair:8)
  4 ogres
  A wolf (Lair:7)
  A crocodile (Lair:3)
  4 centaurs
  3 giant frogs
  A scorpion (D:5)
  3 killer bees
  2 electric eels (Lair:7)
  2 howler monkeys
  A jelly (D:7)
  4 hounds
  2 iguanas
  A centaur skeleton (D:4)
  A giant frog skeleton (D:10)
  Ijyb (D:3)
  2 orc wizards
  A hell rat (Lair:8)
  2 sheep
  Robin (D:4)
  3 gnolls (D:5)
  An adder (D:4)
  5 river rats
  2 worms (D:3)
  A giant gecko (D:4)
  13 orcs
  2 bats (Sewer)
  2 giant cockroaches
  3 goblins (D:4)
  3 hobgoblins
  4 jackals
  A kobold (D:3)
  2 quokkas
  A giant newt (D:3)
  4 fungi
  A plant (D:11)
186 creatures vanquished.

Vanquished Creatures (others)
  A frost giant (Shoals:4)
  A yaktaur captain (Vaults:3)
  A centaur warrior (Vaults:1)
  2 satyrs
  A tengu warrior (Depths:2)
  2 naga sharpshooters
  2 fauns
  3 yaktaurs
  A tengu conjurer (Depths:1)
  A troll (Vaults:1)
  A blink frog (Lair:7)
  An orc warrior (Orc:2)
  5 centaurs
  46 hexers
  2 ancestors
  5 orcs
  2 goblins (D:4)
  15 fungi
  42 plants
  9 toadstools (Lair:7)
143 creatures vanquished.

Grand Total: 2023 creatures vanquished

Notes
Turn   | Place    | Note
--------------------------------------------------------------
     0 | D:1      | dracos369 the Halfling Fighter began the quest for the Orb.
     0 | D:1      | Reached XP level 1. HP: 15/15 MP: 1/1
   189 | D:1      | Reached XP level 2. HP: 20/20 MP: 2/2
   840 | D:2      | Reached XP level 3. HP: 22/25 MP: 3/3
  1572 | D:2      | Found a hazy altar of Hepliaklqana.
  1572 | D:2      | Found an ancient bone altar of Kikubaaqudgha.
  1590 | D:2      | Became a worshipper of Hepliaklqana
  2241 | D:3      | Noticed Ijyb
  2248 | D:3      | Killed Ijyb
  2248 | D:3      | Reached XP level 4. HP: 30/30 MP: 4/4
  2574 | D:3      | Found an iron altar of Okawaru.
  2584 | D:3      | Reached * piety under Hepliaklqana
  2758 | D:3      | Reached XP level 5. HP: 15/35 MP: 5/5
  2945 | D:4      | Reached skill level 5 in Long Blades
  3001 | D:4      | Found a glowing drain.
  3006 | Sewer    | Entered a sewer
  3018 | Sewer    | Noticed Purgy
  3033 | Sewer    | Killed Purgy
  3033 | Sewer    | Reached XP level 6. HP: 32/41 MP: 6/6
  3456 | D:4      | Noticed Robin
  3478 | D:4      | Killed Robin
  3791 | D:4      | Noticed Sigmund
  3808 | D:4      | Noticed Sigmund
  3819 | D:4      | Killed Sigmund the jelly
  3819 | D:4      | Reached XP level 7. HP: 8/45 MP: 7/7
  4328 | D:4      | Reached ** piety under Hepliaklqana
  4329 | D:4      | Remembered your ancestor Nan as a hexer
  4528 | D:5      | Entered Level 5 of the Dungeon
  4557 | D:5      | Reached skill level 1 in Slings
  4869 | D:5      | Found Ciennita's General Store.
  4872 | D:5      | Bought 10 sling bullets for 65 gold pieces
  4872 | D:5      | Bought a scroll of holy word for 97 gold pieces
  5160 | D:5      | Reached skill level 1 in Stealth
  5178 | D:5      | Reached XP level 8. HP: 17/52 MP: 8/8
  5404 | D:5      | Found a blossoming altar of Fedhas.
  6078 | D:6      | Reached skill level 1 in Short Blades
  6216 | D:6      | Reached skill level 5 in Slings
  6563 | D:7      | Reached XP level 9. HP: 43/59 MP: 9/9
  6583 | D:7      | Reached *** piety under Hepliaklqana
  6905 | D:7      | Noticed Menkaure
  6909 | D:7      | Killed Menkaure
  6927 | D:7      | Reached skill level 5 in Stealth
  7067 | D:7      | Found a staircase to the Ecumenical Temple.
  7075 | Temple   | Entered the Ecumenical Temple
  7311 | D:7      | Reached **** piety under Hepliaklqana
  7322 | D:7      | Found a white marble altar of Elyvilon.
  7329 | D:7      | Found a hide-covered altar to Ukayaw.
  7330 | D:7      | Found a shadowy altar of Dithmenos.
  7331 | D:7      | Found a sacrificial altar of Ru.
  7332 | D:7      | Found a shattered altar of Ashenzari.
  7347 | D:7      | Reached skill level 5 in Fighting
  7486 | D:7      | Noticed a troll
  7491 | D:7      | Killed a troll
  7602 | D:7      | Noticed Duvessa
  7602 | D:7      | Noticed Dowan
  7609 | D:7      | Killed Duvessa
  7612 | D:7      | Reached skill level 5 in Short Blades
  7631 | D:7      | Killed Dowan
  7639 | D:7      | Reached XP level 10. HP: 66/66 MP: 10/10
  8252 | D:8      | Reached skill level 5 in Shields
  8286 | D:8      | Reached ***** piety under Hepliaklqana
  8449 | D:8      | Found a sacrificial altar of Ru.
  8833 | D:8      | Reached skill level 1 in Dodging
  8859 | D:9      | Reached skill level 1 in Invocations
  9144 | D:9      | Identified a scroll of acquirement
  9204 | D:9      | Found a staircase to the Orcish Mines.
  9345 | D:9      | Reached skill level 4 in Armour
  9548 | D:9      | Noticed Erica
  9559 | D:9      | Noticed Erica
  9563 | D:9      | Killed Erica the jumping spider
  9720 | D:9      | Noticed a gargoyle
  9727 | D:9      | Killed a gargoyle
 10080 | D:10     | Entered Level 10 of the Dungeon
 10091 | D:10     | Reached XP level 11. HP: 72/72 MP: 12/12
 10625 | D:10     | Noticed a hill giant
 10638 | D:10     | Killed a hill giant
 11119 | D:11     | Found a staircase to the Lair.
 11132 | Lair:1   | Entered Level 1 of the Lair of Beasts
 11307 | Lair:1   | Reached skill level 5 in Armour
 11413 | Lair:1   | Noticed an eight-headed hydra
 11423 | Lair:1   | Killed a four-headed hydra
 11671 | Lair:1   | Reached skill level 10 in Slings
 12100 | Lair:1   | Reached XP level 12. HP: 80/80 MP: 14/14
 12490 | Lair:1   | Reached skill level 10 in Long Blades
 13091 | Lair:2   | Reached ****** piety under Hepliaklqana
 13704 | Lair:3   | Reached skill level 6 in Armour
 13725 | Lair:3   | Reached skill level 5 in Dodging
 14755 | Lair:4   | Reached skill level 5 in Invocations
 14906 | Lair:4   | Noticed Sonja
 14911 | Lair:4   | Noticed Josephine
 14919 | Lair:4   | Killed Josephine
 14995 | Lair:4   | Got a heavily runed lapis lazuli ring
 14997 | Lair:4   | Identified the cursed ring of Acocock {rF+ EV-3} (You found it on level 4 of the Lair of Beasts)
 15049 | Lair:4   | Found a staircase to the Shoals.
 15600 | Lair:5   | Noticed a five-headed hydra
 15612 | Lair:5   | Killed a one-headed hydra
 15612 | Lair:5   | Reached XP level 13. HP: 67/86 MP: 15/17
 15755 | Lair:5   | Noticed a six-headed hydra
 15778 | Lair:5   | Killed a two-headed hydra
 16081 | Lair:5   | Reached skill level 7 in Armour
 16987 | Lair:6   | Found a staircase to the Snake Pit.
 17341 | Lair:6   | Noticed a seven-headed hydra
 17346 | Lair:6   | Noticed a four-headed hydra
 17357 | Lair:6   | Killed a four-headed hydra
 17357 | Lair:6   | Reached skill level 10 in Stealth
 17358 | Lair:6   | Killed a six-headed hydra
 17729 | Lair:7   | Found a viscous altar of Jiyva.
 17780 | Lair:7   | Noticed Snorg
 17851 | Lair:7   | Found a staircase to the Slime Pits.
 18103 | Lair:7   | Killed Snorg
 18103 | Lair:7   | Reached XP level 14. HP: 44/94 MP: 18/18
 18373 | Lair:7   | Reached skill level 8 in Armour
 19051 | Lair:7   | Noticed an azure jelly
 19132 | Lair:7   | Killed an azure jelly
 20013 | Orc:1    | Entered Level 1 of the Orcish Mines
 20129 | Orc:2    | Entered Level 2 of the Orcish Mines
 20129 | Orc:2    | Found a staircase to the Elven Halls.
 20387 | Lair:7   | Found a viscous altar of Jiyva.
 20663 | Lair:8   | Entered Level 8 of the Lair of Beasts
 21390 | Lair:8   | Reached skill level 9 in Armour
 21593 | Lair:8   | Reached skill level 1 in Evocations
 21808 | Lair:8   | Reached XP level 15. HP: 90/101 MP: 20/20
 21809 | Lair:8   | Remembered your ancestor Nan casting Paralyse
 22893 | Lair:1   | Gained mutation: Your spells are a little harder to cast, but a little more powerful. [potion of beneficial mutation]
 23348 | Orc:2    | Found Doseihud's Antique Armour Emporium.
 24021 | Orc:2    | Found Widwat's General Store.
 24021 | Orc:2    | Found Yfewna's Armour Shoppe.
 24023 | Orc:2    | Found Uwecut's Distillery.
 24025 | Orc:2    | Found Hucij's Gadget Boutique.
 24029 | Orc:2    | Bought a wand of heal wounds (7/9) for 924 gold pieces
 24034 | Orc:2    | Bought a +1 pair of gloves of strength for 181 gold pieces
 24046 | Orc:2    | Bought a potion of heal wounds for 60 gold pieces
 24046 | Orc:2    | Bought a potion of haste for 120 gold pieces
 24046 | Orc:2    | Bought a potion of curing for 36 gold pieces
 24046 | Orc:2    | Bought a potion of heal wounds for 60 gold pieces
 24052 | Orc:2    | Bought a scroll of enchant armour for 105 gold pieces
 24181 | Lair:1   | Learned a level 1 spell: Apportation
 24278 | Snake:1  | Entered Level 1 of the Snake Pit
 24942 | Snake:1  | Reached skill level 1 in Translocations
 24990 | Snake:1  | Found a shadowy altar of Dithmenos.
 25334 | Snake:1  | Found Irymas's Book Emporium.
 25354 | Snake:1  | Found Iskywasu's Magic Scroll Shoppe.
 25357 | Snake:1  | Bought a scroll of teleportation for 42 gold pieces
 25472 | Snake:1  | Found Teiffe's Food Shop.
 25595 | Snake:1  | Reached skill level 10 in Armour
 26341 | Snake:2  | Reached XP level 16. HP: 73/108 MP: 21/21
 26510 | Snake:2  | Noticed Kirke
 26515 | Snake:2  | Noticed a greater naga
 26519 | Snake:2  | Killed Kirke
 26519 | Snake:2  | Reached skill level 10 in Dodging
 26532 | Snake:2  | Killed a greater naga
 27006 | Snake:2  | Reached skill level 10 in Fighting
 27696 | Snake:3  | Noticed a greater naga
 28087 | Snake:3  | Noticed a greater naga
 28362 | Shoals:1 | Entered Level 1 of the Shoals
 28586 | Shoals:1 | Reached skill level 5 in Translocations
 29061 | Shoals:1 | Reached skill level 11 in Armour
 29486 | Shoals:2 | Reached skill level 1 in Throwing
 29599 | Shoals:2 | Noticed Donald
 29618 | Shoals:2 | Killed Donald
 29984 | Shoals:2 | Reached XP level 17. HP: 54/116 MP: 24/24
 30505 | D:11     | Found Xecs's Antique Weapon Shoppe.
 30513 | D:11     | Bought a runed dagger for 64 gold pieces
 30513 | D:11     | Bought a runed hunting sling for 48 gold pieces
 31163 | Orc:2    | Bought a glowing fire dragon armour for 1500 gold pieces
 31530 | D:12     | Found Faeptur's Weapon Shoppe.
 31889 | D:12     | Found a runed door.
 31892 | D:12     | Noticed a storm dragon
 31898 | D:12     | Noticed Erolcha
 31908 | D:12     | Killed Erolcha
 32037 | D:12     | Killed a storm dragon
 32037 | D:12     | Reached skill level 10 in Invocations
 32070 | D:12     | Identified the Disquisition on Ensnaring Changing
 32908 | D:13     | Noticed Rupert
 32933 | D:13     | Paralysed by Rupert for 2 turns
 32944 | D:13     | Paralysed by Rupert for 2 turns
 33336 | D:14     | Noticed tstbtto's ghost (journeyman HOCK)
 33381 | D:14     | Killed tstbtto's ghost
 33381 | D:14     | Reached skill level 5 in Throwing
 33425 | D:14     | Reached skill level 1 in Spellcasting
 33585 | D:14     | Found a gate to the Vaults.
 33767 | D:14     | Identified the Volume of Mutagenic Confrontation
 34061 | D:15     | Entered Level 15 of the Dungeon
 34451 | D:15     | Found a staircase to the Depths.
 34779 | Orc:2    | Bought a book of Spatial Translocations for 910 gold pieces
 34913 | Lair:1   | Learned a level 2 spell: Blink
 34917 | Lair:1   | Learned a level 3 spell: Portal Projectile
 34920 | Lair:1   | Learned a level 2 spell: Shroud of Golubria
 35205 | Snake:3  | Found a glowing golden altar of the Shining One.
 35336 | Snake:3  | Noticed Vashnia
 35350 | Snake:3  | HP: 2/117 [Vashnia/arrow (22)]
 35757 | Snake:3  | Reached skill level 1 in Charms
 36147 | Snake:3  | Noticed Aizul
 36161 | Snake:3  | Killed Aizul
 36161 | Snake:3  | Reached XP level 18. HP: 71/124 MP: 25/25
 37163 | Snake:3  | Killed Vashnia
 37163 | Snake:3  | Reached skill level 12 in Armour
 37759 | Snake:4  | Entered Level 4 of the Snake Pit
 37774 | Snake:4  | Found a hide-covered altar to Ukayaw.
 37948 | Snake:4  | Noticed Roxanne
 38598 | Snake:4  | Killed Roxanne
 38598 | Snake:4  | Reached skill level 5 in Evocations
 38600 | Snake:4  | Identified Roxanne's Tome of Shape Shifting (You took it off Roxanne on level 4 of the Snake Pit)
 38927 | Lair:1   | Learned a level 4 spell: Passage of Golubria
 40284 | Shoals:3 | Reached XP level 19. HP: 129/129 MP: 23/26
 40882 | Lair:4   | Killed Sonja
 41081 | Shoals:4 | Entered Level 4 of the Shoals
 41614 | Shoals:4 | Noticed Mara
 41829 | Shoals:4 | Noticed Ilsuiw
 41839 | Shoals:4 | HP: 2/130 [merfolk javelineer/javelin (10)]
 42184 | Shoals:4 | Killed Ilsuiw
 42184 | Shoals:4 | Reached skill level 13 in Armour
 42700 | Shoals:3 | Reached skill level 5 in Charms
 43038 | Shoals:4 | Noticed tstbtto's ghost (adept HOCK)
 43106 | Shoals:4 | HP: 8/196 [tstbtto's ghost (11)]
 43107 | Shoals:4 | Killed tstbtto's ghost
 43957 | Shoals:4 | Identified Elidyt's Introduction to Casting
 44164 | Shoals:4 | Got a barnacled rune of Zot
 45391 | Snake:4  | Reached XP level 20. HP: 131/137 MP: 25/27
 46284 | Vaults:1 | Entered Level 1 of the Vaults
 46340 | Vaults:1 | Reached skill level 14 in Armour
 46729 | Vaults:1 | Reached skill level 10 in Throwing
 46846 | Vaults:1 | Reached skill level 10 in Translocations
 48066 | Vaults:1 | Noticed a Tzitzimitl
 49113 | Vaults:1 | Gained mutation: You have a pair of small horns on your head. [mutagenic meat]
 49114 | Vaults:1 | Gained mutation: You are clumsy. (Dex -2) [mutagenic meat]
 49240 | Lair:1   | Lost mutation: You are clumsy. (Dex -2) [potion of mutation]
 49241 | Lair:1   | Gained mutation: You expend magic power (3 MP) to strengthen your wands. [potion of mutation]
 49242 | Lair:1   | Lost mutation: You have a pair of small horns on your head. [potion of cure mutation]
 49242 | Lair:1   | Lost mutation: Your spells are a little harder to cast, but a little more powerful. [potion of cure mutation]
 49242 | Lair:1   | Lost mutation: You expend magic power (3 MP) to strengthen your wands. [potion of cure mutation]
 49370 | Elf:1    | Entered Level 1 of the Elven Halls
 50040 | Elf:1    | Found Qeg Vyf's Antique Weapon Emporium.
 50062 | Elf:1    | Identified the Papyrus of Companions (You found it on level 1 of the Elven Halls)
 50072 | Elf:1    | Reached XP level 21. HP: 134/144 MP: 28/28
 50208 | Elf:1    | Bought a glowing dagger for 64 gold pieces
 50208 | Elf:1    | Bought a runed dagger for 64 gold pieces
 50208 | Elf:1    | Bought a runed dagger for 64 gold pieces
 50594 | Elf:1    | Reached skill level 15 in Armour
 51794 | Elf:2    | Found a runed gate.
 51794 | Elf:2    | Found a runed gate.
 51794 | Elf:2    | Found a runed gate.
 52355 | Elf:2    | Found Xytattiest's Gadget Shoppe.
 54570 | Vaults:2 | Got a twisted leather armour
 54581 | Vaults:2 | Identified the cursed +1 leather armour of Vampiric Thralls {rF+ rC+ Str-3 Int+2 Stlth+} (You took it off an ironbrand convoker on level 2 of the Vaults)
 54782 | Vaults:2 | Reached XP level 22. HP: 148/152 MP: 18/29
 55050 | Vaults:2 | Reached skill level 5 in Spellcasting
 55065 | Vaults:2 | Reached skill level 16 in Armour
 55065 | Vaults:2 | Reached skill level 10 in Evocations
 55143 | Vaults:2 | Reached skill level 10 in Charms
 55329 | Vaults:2 | Noticed Saint Roka
 55344 | Vaults:2 | Killed Saint Roka
 57290 | Depths:1 | Entered Level 1 of the Depths
 57342 | Depths:1 | Found a gateway to Hell.
 57436 | Depths:1 | Noticed the Enchantress
 57531 | Depths:1 | Killed the Enchantress
 57531 | Depths:1 | Reached XP level 23. HP: 109/158 MP: 31/31
 57545 | Depths:1 | Got a faerie dragon armour
 57572 | Depths:1 | Identified the +1 faerie dragon armour {Str+3 Dex+8 Slay-3} (You took it off the Enchantress on level 1 of the Depths)
 57825 | Depths:1 | Reached skill level 17 in Armour
 57949 | Depths:1 | Gained mutation: Your body sometimes deteriorates upon taking damage. [mutagenic meat]
 58239 | Lair:1   | Lost mutation: Your body sometimes deteriorates upon taking damage. [potion of cure mutation]
 58666 | Shoals:4 | Noticed dracos369's illusion
 59037 | Shoals:4 | Noticed dracos369's illusion
 59045 | Shoals:4 | Killed Mara
 59515 | D:13     | Killed Rupert
 60224 | Depths:1 | Got a brightly glowing robe
 60225 | Depths:1 | Identified the cursed +0 robe of Meonaf {rN+ Dex+4 Stlth+} (You found it on level 1 of the Depths)
 60228 | Depths:1 | Got a spiked hat
 60229 | Depths:1 | Identified the +2 hat "Hetuguam" {*Confuse rPois Int+6 Stlth+} (You found it on level 1 of the Depths)
 60238 | Depths:1 | Found a radiant altar of Vehumet.
 60864 | Depths:2 | Noticed a caustic shrike
 60873 | Depths:2 | Killed a caustic shrike
 61842 | Depths:3 | Found a one-way gate leading to the halls of Pandemonium.
 61973 | Depths:3 | Reached XP level 24. HP: 121/166 MP: 33/33
 62361 | Depths:3 | Noticed a juggernaut
 62381 | Depths:3 | Killed a juggernaut
 62523 | Depths:3 | Noticed a golden dragon
 62536 | Depths:3 | Killed a golden dragon
 62573 | Depths:3 | Reached skill level 18 in Armour
 62598 | Depths:3 | Thrown by an iron giant

Vault maps used:
D:1:      matt_arrival_diagonals, minmay_cupped
D:2:      amethyst_overflow_temple_binary
D:3:      kennysheep_six_static_rooms, okawaru_gym_becter, uniq_iyjb
D:4:      kennysheep_goblin_castle, portal_sewer_entry_e, first_bread,
          uniq_sigmund
D:5:      serial_shops, shop, fedhas_altar_1
D:6:      nicolae_water_bricks
D:7:      grunt_temple_overflow_open, minmay_temple_entry_purple_smoke,
          grunt_ogre_cave, grunt_ministairs_12, uniq_menkaure, uniq_duvessa
D:8:      basic_altar, minmay_misc_feat_more_columns
D:9:      nicolae_overflow_hidden_temple, david_orc_2, uniq_erica
D:11:     grunt_lair_entry_orc_guard_hut, serial_shops,
          nicolae_shop_statue_plus, serial_bayou_pond_d,
          kennysheep_generic_room_11
D:12:     serial_shops, nicolae_shop_trees, kennysheep_treasure_room,
          uniq_erolcha
D:13:     uniq_rupert
D:14:     david_vaults_5, serial_bayou_pond_c, serial_bayou_pond_c,
          stair_cage_wide, minmay_gold_behind_fungi
D:15:     grunt_enter_depths_hoard
Temple:   chambers_temple_12
Lair:1:   forest_paths, beast_lair_carwin_11
Lair:4:   minmay_shoals_entry_lonely_mermaid, grunt_megastairs_3, uniq_sonja,
          uniq_josephine
Lair:5:   serial_bayou_shore_a
Lair:6:   minmay_snake_entry_guardpost_small, grunt_megastairs_5,
          lemuel_fruit_fields, lemuel_fruit_tree
Lair:7:   gammafunk_lair_enchanted_lake, slime_altar_1,
          infiniplex_staircase_pool, uniq_snorg
Lair:8:   guppyfry_lair_end_dragon, grunt_megastairs_4
Shoals:1: st_sunken_huts
Shoals:2: uniq_donald
Shoals:4: shoals_end_grunt_ice, shoal_ilsuiw, uniq_mara
Snake:1:  basic_altar, serial_shops, shop,
          nicolae_shop_competitors_out_of_business, nicolae_shop_behind_doors,
          nrook_guardian_serpent_double
Snake:2:  grunt_megastairs_2, uniq_kirke
Snake:3:  basic_altar, st_stairs_11, uniq_vashnia, uniq_aizul
Snake:4:  snake_pit, basic_altar, uniq_roxanne
Orc:1:    mines2_lemuel, uniq_maud
Orc:2:    st_orc_rangers, serial_shops, nicolae_shop_behind_doors
Elf:1:    elf_arrival_002, serial_shops,
          nicolae_shop_temple_entry_statues_fountains, minmay_elf_demonology
Elf:2:    serial_shops, nicolae_shop_crystal
Vaults:1: v_misc_19, nicolae_vaults_network_quinsquares,
          nicolae_vaults_octagons, ontoclasm_vaults_idyll, vaults_mumra_hex,
          hangedman_vaults_cutoff, vaults_mumra_minichess_inversion, v_misc_12,
          grunt_vaults_twisty, grunt_vaults_hallway_short,
          nicolae_vaults_little_squares_6, nicolae_vaults_ring_of_whatevers
Vaults:2: v_alt_pattern_3, st_octagons_1, nicolae_vaults_diagonal_hallway_7,
          v_misc_25, nicolae_vaults_border_crossing, nicolae_vaults_rhombus_7,
          vaults_standard_mumra_enter_the_diamond, nicolae_vaults_shelves_hall,
          vaults_standard_mumra_enter_the_diamond, v_pattern_5,
          vaults_mumra_minichess, dpeg_vaults_monster_box, vaults_dpeg_ring,
          ontoclasm_vaults_fault, nicolae_vaults_little_squares_6,
          uniq_saint_roka
Vaults:3: nicolae_vaults_circle_grid_b, minmay_crypt_entry_nasty_monster,
          v_misc_31, dpeg_vaults_waves, nicolae_vaults_shelves_hall,
          vaults_room_pool, v_misc_18, nicolae_vaults_network_square,
          vaults_room_fours, basic_altar
Depths:1: pf_vacation_house_of_asmodeus, minmay_crystal_room,
          grunt_tower_of_power, serial_bayou_shore_b, uniq_enchantress
Depths:2: evilmike_cross, hangedman_coc_ice_floe, kennysheep_decorative_pillar,
          infiniplex_staircase_pillars_2, firewood_loft
Depths:3: kennysheep_water_balloons, grunt_mini_vestibule, pan_entry,
          minmay_tree_intersection, kennysheep_generic_room_3,
          minmay_staircase_bubble
Sewer:    kennysheep_door_sewer

Skill      XL: |  1  2  3  4  5  6  7  8  9 10 11 12 13 14 15 16 17 18 19 20 21 22 23 24 |
---------------+-------------------------------------------------------------------------+-----
Long Blades    | 3 4 6 7 8 9 11 12 13 | 13.9
Slings         | 2 5 7 8 10 11 12 | 12.2
Fighting       | 3 4 5 6 7 8 9 10 11 12 13 14 | 14.1
Stealth        | 1 4 6 7 8 9 10 11 12 13 | 13.5
Short Blades   | 2 5 6 8 |  8.6
Shields        | 4 6 |  6.8
Dodging        | 2 4 5 7 8 9 11 12 13 | 13.8
Invocations    | 2 3 5 6 7 9 10 | 10.0
Armour         | 4 5 6 7 9 10 11 12 13 14 15 16 17 18 | 18.0
Evocations     | 1 3 5 7 8 9 10 | 10.0
Translocations | 2 6 7 8 9 10 11 12 13 | 13.1
Throwing       | 2 6 7 9 10 | 10.6
Spellcasting   | 2 3 4 5 6 |  6.9
Charms         | 2 4 6 7 9 10 11 | 11.8

Action                   |  1- 3 |  4- 6 |  7- 9 | 10-12 | 13-15 | 16-18 | 19-21 | 22-24 || total
-------------------------+-------+-------+-------+-------+-------+-------+-------+-------++-------
Melee: Long sword        |   128 |   139 |    10 |       |       |       |       |       ||   277
       Dagger            |       |    22 |   204 |   210 |    68 |    16 |   108 |   145 ||   773
       Falchion          |       |       |     2 |       |       |       |       |       ||     2
       Scimitar          |       |       |       |    56 |    43 |       |       |       ||    99
       Demon blade       |       |       |       |   363 |   924 |   984 |  1167 |   815 ||  4253
       Rapier            |       |       |       |       |    14 |   133 |   190 |       ||   337
       Quick blade       |       |       |       |       |       |       |     2 |       ||     2
 Fire: Hunting sling     |       |     5 |    47 |   184 |   362 |   353 |     6 |       ||   957
       Greatsling        |       |       |       |       |       |    13 |   168 |   157 ||   338
       Blowgun           |       |       |       |       |       |       |    22 |     1 ||    23
Throw: Stone             |     2 |       |       |       |     1 |       |       |       ||     3
       Tomahawk          |       |       |       |       |       |     5 |       |       ||     5
       Throwing net      |       |       |       |       |       |       |     2 |     3 ||     5
 Cast: Portal Projectile |       |       |       |       |       |    12 |    22 |    10 ||    44
       Blink             |       |       |       |       |       |     2 |     2 |       ||     4
       Shroud of Golubri |       |       |       |       |       |       |     1 |     1 ||     2
Invok: Recall Ancestor   |     1 |     1 |     1 |     1 |     4 |    11 |     2 |     2 ||    23
       Ancestor Life: He |       |       |     1 |       |       |       |       |       ||     1
       Transference      |       |       |       |     3 |     8 |    36 |    34 |     3 ||    84
       Idealise          |       |       |       |       |     3 |     2 |       |       ||     5
Hexer: Paralyse          |       |       |       |       |     1 |       |       |       ||     1
 Abil: Evoke Invisibilit |       |       |       |       |       |       |     9 |     3 ||    12
       Turn Visible      |       |       |       |       |       |       |     3 |       ||     3
Evoke: Wand              |       |     5 |     4 |     6 |    16 |    25 |    21 |    16 ||    93
       Lamp of fire      |       |       |       |       |     2 |     4 |     5 |     3 ||    14
       Phantom mirror    |       |       |       |       |       |     1 |       |       ||     1
  Use: Scroll            |       |     9 |    11 |    21 |    11 |    15 |    22 |     9 ||    98
       Potion            |       |     3 |     3 |       |    12 |    10 |    13 |    11 ||    52
 Stab: Distracted        |       |     1 |     1 |    12 |    12 |    22 |    25 |     9 ||    82
       Confused          |       |       |     6 |    15 |    20 |    15 |    47 |    87 ||   190
       Sleeping          |       |       |     3 |     4 |     5 |    38 |    35 |    18 ||   103
       Invisible         |       |       |       |       |     6 |     5 |    32 |    10 ||    53
       Paralysed         |       |       |       |       |    22 |    40 |    40 |    45 ||   147
       Held in net/web   |       |       |       |       |       |       |     1 |       ||     1
  Eat: Chunk             |     4 |     6 |    11 |    25 |    31 |    32 |    39 |    22 ||   170
       Royal jelly       |       |       |       |     1 |     2 |     1 |     2 |       ||     6
       Meat ration       |       |       |       |       |       |     2 |     2 |       ||     4
       Bread ration      |       |       |       |       |       |     1 |     1 |     1 ||     3
       Pizza             |       |       |       |       |       |       |       |     1 ||     1
       Beef jerky        |       |       |       |       |       |       |       |     1 ||     1
Armor: Scale mail        |    62 |    60 |    73 |    33 |       |       |       |       ||   228
       Skin              |       |     3 |    34 |       |       |       |       |       ||    37
       Chain mail        |       |       |       |   121 |   330 |     2 |       |       ||   453
       Ring mail         |       |       |       |       |       |    46 |       |       ||    46
       Fire dragon armou |       |       |       |       |       |   148 |   321 |   149 ||   618
Dodge: Dodged            |    54 |    39 |    53 |   138 |   414 |   588 |   847 |   479 ||  2612
Block: Shield            |    92 |    95 |   144 |   242 |       |       |       |       ||   573
       Reflection        |       |     4 |     4 |     2 |    46 |    70 |    80 |    24 ||   230
       Buckler           |       |       |       |    77 |   394 |   431 |   594 |   330 ||  1826
